 Dungeon Crawl Stone Soup version 0.29-a0-341-g24ffce5b50 (webtiles) character file.

Game seed: 12834698215877740825

1266 spaghetti the Skirmisher (level 8, -2/68 HPs)
             Began as a Barachi Berserker on Apr 20, 2022.
             Was a Priest of Trog.
             Engulfed by a steam dragon's steam (4 damage)
             ... on level 5 of the Dungeon.
             The game lasted 00:08:47 (6760 turns).

spaghetti the Skirmisher (Barachi Berserker)        Turns: 6760, Time: 00:08:48

Health: -2/68      AC:  3    Str: 22    XL:     8   Next: 52%
Magic:  8/8        EV: 13    Int:  9    God:    Trog [***...]
Gold:   225        SH:  5    Dex: 11    Spells: 7/7 levels left

rFire   . . .      SeeInvis .     - Unarmed
rCold   . . .      Faith    .   (no shield)
rNeg    . . .      Spirit   .   a - +0 animal skin
rPois   .          Reflect  +   (helmet restricted)
rElec   .          Harm     .   (no cloak)
rCorr   .          Rampage  .   (no gloves)
Will    +....                   h - +0 pair of boots
Stlth   +.........              j - amulet of reflection
HPRegen 0.21/turn               s - ring of willpower
MPRegen 0.11/turn               (no ring)

@: unable to hop, on berserk cooldown, hasted and slowed, slow
A: amphibious, slowness 1, strong legs 1, +LOS, horns 1, clever 1
a: Hop, Renounce Religion, Berserk, Trog's Hand


You were on level 5 of the Dungeon.
You worshipped Trog.
Trog was most pleased with you.
You visited 1 branch of the dungeon, and saw 5 of its levels.
You also visited: Sewer.

You collected 225 gold pieces.


Innate Abilities, Weirdness & Mutations

You are amphibious.
You cover ground slowly.
You can hop short distances.
You have an extended range of vision and can be seen from far away.
You have a pair of small horns on your head.
Your mind is acute. (Int +2)


   Skills:
 * Level 7.9 Fighting
 + Level 3.5 Throwing
 * Level 7.2 Armour
 + Level 5.0 Dodging
 - Level 3.2 Unarmed Combat


You had 7 spell levels left.
You didn't know any spells.
Your spell library contained the following spells:

 Spells                   Type           Power      Damage    Failure   Level
 Scorch                   Fire           0%         2d5       52%         2
 Flame Wave               Conj/Fire      0%         2d4       99%         4
 Summon Cactus Giant      Summ           0%         N/A       100%        6

Inventory:

Missiles
 e - 105 stones (quivered) {throwing}
 m - 2 poisoned darts {throwing}
 q - 4 boomerangs {throwing}
Armour
 a - a +0 animal skin (worn)
 h - a +0 pair of boots (worn)
   (You found it on level 1 of the Dungeon)
Jewellery
 j - an amulet of reflection (around neck)
   (You found it on level 2 of the Dungeon)
 s - a ring of willpower (left hand)
   (You found it on level 4 of the Dungeon)
Wands
 u - a wand of iceblast (14)
   (You found it on level 5 of the Dungeon)
Scrolls
 b - 3 scrolls of teleportation {unknown}
 c - a scroll of magic mapping {!r}
 d - 7 scrolls of identify {@r1}
 i - a scroll of brand weapon {unknown}
 o - a scroll of enchant armour {unknown}
 r - a scroll of vulnerability {unknown}
 v - 3 scrolls of summoning {unknown}
Potions
 k - a potion of mutation {!q}
 l - a potion of might
 n - a potion of attraction {!q}
 p - a potion of ambrosia {unknown}
Miscellaneous
 f - a condenser vane
   (You found it in a sewer)
 t - a piece from Xom's chessboard (9/15)
   (You found it in a sewer)

Dungeon Overview and Level Annotations

Branches:
Dungeon (5/15)             Temple (0/1) D:4           Sewer (visited)

Altars:
Dithmenos
Qazlal
Trog

Shops:
D:1

( #......... #........ ##
#....... #.##......# >
###..##.....###..#
##........#.....>..
#...#.§..§°§.# #...#...§D####
#...@§.######
##§§..##..'.###....$.
#§....#...##†#.......
######.........##.# ......
#..#.##......_.##.###.....
##....#....)....##.#......<
#..##.<.....#...##.#.......
##..##.......##..^###.......
####...#.........#######.##...#


You could see a steam dragon (catching breath).


Message History

You are too injured to fight recklessly!
Unknown command.
Unknown command.
A red film seems to cover your vision as you go berserk!
You feel yourself moving faster!
You feel mighty!
Pikel hits you with a +0 whip of flaming!
Pikel burns you. The lemure hits you. 😮 HP[+14]
You now have 90 max hp (+30).
You regained 14 hp, and now have 66/90 hp.
You hit Pikel. Your punch misses Pikel. The lemure barely misses you.
Pikel hits you with a +0 whip of flaming.
Pikel burns you.
The lemure hits you but does no damage. 😮 HP[-4]
You take 4 damage, and now have 62/90 hp.
You barely miss Pikel. You closely miss Pikel. Your headbutt misses Pikel.
The lemure barely misses you.
Pikel hits you with a +0 whip of flaming!
Pikel burns you. The lemure hits you. 😮 HP[-11]
You take 11 damage, and now have 51/90 hp.
You barely miss Pikel. You barely miss Pikel.
Pikel hits you with a +0 whip of flaming!
* * * LOW HITPOINT WARNING * * *
Pikel burns you.
* * * LOW HITPOINT WARNING * * *
The lemure barely misses you. x2 😨 HP[-11]
You take 11 damage, and now have 40/90 hp.
You punch Pikel! Pikel hits you but does no damage. The lemure hits you.
* * * LOW HITPOINT WARNING * * *
You block the lemure's attack. 😨 HP[-6]
You take 6 damage, and now have 34/90 hp.
You closely miss Pikel. You punch Pikel. You hit Pikel but do no damage.
The lemure closely misses you. The lemure hits you.
* * * LOW HITPOINT WARNING * * *
You block Pikel's attack. 😨 HP[-3]
You take 3 damage, and now have 31/90 hp.
You closely miss Pikel. Your headbutt misses Pikel. You hit Pikel.
Pikel misses you. The lemure barely misses you.
The lemure hits you but does no damage. 😨 HP[+1] Unknown command.
You closely miss Pikel. Your headbutt misses Pikel. You punch Pikel!
Your headbutt misses Pikel. You block Pikel's attack. The lemure hits you!
* * * LOW HITPOINT WARNING * * *
The lemure closely misses you. 😨 HP[-7]
You take 7 damage, and now have 25/90 hp.
You closely miss Pikel. The lemure hits you.
* * * LOW HITPOINT WARNING * * *
You block Pikel's attack. The lemure barely misses you. 😱 HP[-6]
You take 6 damage, and now have 19/90 hp.
You hit Pikel. You headbutt Pikel.
You kill Pikel!
Trog accepts your kill.
With Pikel's spell broken, his former minions thank you for their freedom.
The lemure departs this earthly plane. x3
Your piece from Xom's chessboard (9/15) has regained two charges.
Your condenser vane has recharged.
Your Throwing skill increases to level 3!
Your Armour skill increases to level 7!
Your Dodging skill increases to level 5!
You have reached level 8!
You feel stronger. 😱 HP[+3] MP[+1]
You now have 102 max hp (+12).
You regained 3 hp, and now have 22/102 hp.
Your mp is fully restored (8).
Found a stone staircase leading down.
You are no longer berserk.
You are exhausted.
You feel yourself slow down. The steam dragon closely misses you.
You block the steam dragon's attack.
Things that are here:
a +0 whip of flaming {mace}; a +0 robe; 😱 HP[-7]
You now have 68 max hp (-34).
Unknown command.
Unknown command.
Hop to where?
Press: ? - help, Dir - move target Boing!
As you read the scroll labelled DACEAMNEGI, it crumbles to dust.
It is a scroll of identify.
c - a scroll of magic mapping The steam dragon breathes steam at you.
The ball of steam hits you!
* * * LOW HITPOINT WARNING * * *
😱 HP[-13]
You take 13 damage, and now have 2/68 hp.
It was a potion of haste.
You feel yourself speed up.
You are engulfed in a cloud of scalding steam.
You die...

Skill      XL: |  1  2  3  4  5  6  7 |
---------------+----------------------+-----
Fighting       | 4 5 6 7 |  7.9
Armour         | 3 4 5 7 |  7.2
Dodging        | 3 4 5 |  5.0
Throwing       | 1 2 3 |  3.5
Unarmed Combat | |  3.2

Action                   |  1- 3 |  4- 6 |  7- 9 || total
-------------------------+-------+-------+-------++-------
Melee: Unarmed           |    90 |   370 |   117 ||   577
       Punch             |       |     9 |     6 ||    15
       Headbutt          |       |     6 |    16 ||    22
Throw: Stone             |       |     4 |       ||     4
Invok: Berserk           |     1 |     6 |     4 ||    11
       Trog's Hand       |       |     1 |       ||     1
 Abil: Hop               |       |       |     3 ||     3
Evoke: Piece from Xom's  |       |       |     9 ||     9
       Condenser vane    |       |       |     1 ||     1
  Use: Potion            |       |     2 |     4 ||     6
       Scroll            |       |       |     1 ||     1
 Stab: Sleeping          |     1 |     1 |       ||     2
Armor: Animal skin       |    19 |    58 |    10 ||    87
       Skin              |       |       |     3 ||     3
Dodge: Dodged            |    45 |   228 |    58 ||   331
Block: Other             |     1 |    96 |    26 ||   123
       Reflection        |       |     1 |       ||     1

Levels and vault maps discovered:
D:1:      minmay_arrival_semitransparent, layout_loops_ring,
          dreamdust_ecumenical_altar_sealed_demon, serial_shops, shop
D:2:      layout_basic, basic_altar, patterned_corridor, uniq_jessica
D:3:      layout_basic, nicolae_dithmenos_shadow_blocks, minmay_crystal_room,
          kennysheep_generic_room_13
D:4:      layout_loops_ring, minmay_temple_entry_sparse_star,
          gup_sewer_entry_pipe
D:5:      wad_lake_hut, layout_cave_pools, trog_butcher_becter, serial_shops,
          nicolae_shop_behind_doors, uniq_pikel

Notes
Turn   | Place    | Note
-------+----------+-------------------------------------------
     0 | D:1      | spaghetti the Barachi Berserker began the quest for the
                  | Orb.
     0 | D:1      | Reached XP level 1. HP: 18/18 MP: 1/1
     0 | D:1      | magus.rc [v1.9.6]
    54 | D:1      | HP: 6/27 [kobold/+0 short sword (4)]
    59 | D:1      | HP: 1/28 [kobold/+0 short sword (4)]
   390 | D:1      | Reached XP level 2. HP: 24/25 MP: 2/2
   547 | D:1      | Found a faded altar of an unknown god.
   555 | D:1      | Reached skill level 4 in Fighting
   907 | D:1      | Reached skill level 3 in Armour
  1215 | D:1      | Found Gathrami's Weapon Emporium.
  1380 | D:2      | Reached XP level 3. HP: 30/30 MP: 3/3
  1691 | D:2      | Found a stormy altar of Qazlal.
  1945 | D:2      | Noticed Jessica
  1953 | D:2      | Killed Jessica
  1954 | D:2      | Reached XP level 4. HP: 31/38 MP: 4/4
  2074 | D:2      | Reached skill level 3 in Dodging
  2164 | D:2      | Reached ** piety under Trog
  2522 | D:2      | You pick up a book of Scorching {forbidden} and begin
                  | reading...
  2522 | D:2      | You add the spells Scorch, Flame Wave and Summon Cactus
                  | Giant to your library.
  3021 | D:3      | Found a shadowy altar of Dithmenos.
  3220 | D:3      | Reached skill level 4 in Armour
  3286 | D:3      | Reached skill level 5 in Fighting
  3286 | D:3      | Reached XP level 5. HP: 36/44 MP: 5/5
  3292 | D:3      | HP: 16/66 [something/puff of flame (8)]
  3294 | D:3      | Reached skill level 1 in Throwing
  3554 | D:3      | Reached XP level 6. HP: 42/51 MP: 6/6
  4192 | D:4      | Found a staircase to the Ecumenical Temple.
  4308 | D:4      | Found a glowing drain.
  4316 | Sewer    | Entered a sewer
  4821 | Sewer    | Reached *** piety under Trog
  5034 | Sewer    | Reached skill level 5 in Armour
  5039 | Sewer    | HP: 10/52 [bullfrog (6)]
  5041 | Sewer    | Gained mutation: Your mind is acute. (Int +2) [potion of
                  | mutation]
  5041 | Sewer    | Gained mutation: You have a pair of small horns on your
                  | head. [potion of mutation]
  5052 | Sewer    | Reached skill level 6 in Fighting
  5052 | Sewer    | Reached skill level 2 in Throwing
  5287 | D:4      | Reached skill level 4 in Dodging
  5343 | D:5      | Entered Level 5 of the Dungeon
  5351 | D:5      | Reached XP level 7. HP: 58/58 MP: 7/7
  5382 | D:5      | HP: 13/59 [something/puff of flame (5)]
  5774 | D:4      | Reached skill level 6 in Armour
  6088 | D:4      | HP: 12/59 [ogre/+0 giant spiked club (26)]
  6095 | D:4      | Reached skill level 7 in Fighting
  6644 | D:5      | Found a bloodstained altar of Trog.
  6736 | D:5      | Noticed Pikel
  6738 | D:5      | Noticed a steam dragon
  6755 | D:5      | HP: 19/90 [lemure[Pikel] (6)]
  6756 | D:5      | Killed Pikel
  6757 | D:5      | Reached skill level 3 in Throwing
  6757 | D:5      | Reached skill level 7 in Armour
  6757 | D:5      | Reached skill level 5 in Dodging
  6757 | D:5      | Reached XP level 8. HP: 22/68 MP: 8/8
  6759 | D:5      | HP: 2/68 [steam dragon/ball of steam (13)]
  6760 | D:5      | Engulfed by a steam dragon's steam

Vanquished Creatures
  Pikel (D:5)
  An ogre (D:4)
  A lemure (D:5)
  A phantom (D:4)
  2 bullfrogs (Sewer)
  A necrophage (D:5)
  A scorpion (D:5)
  2 orc priests (D:3)
  Jessica (D:2)
  3 iguanas
  2 orc wizards
  3 gnolls (D:3)
  4 adders
  4 worms
  A dart slug (D:1)
  5 orcs
  14 endoplasms
  17 giant cockroaches
  4 goblins
  6 hobgoblins
  4 jackals (D:2)
  23 quokkas
  5 ball pythons
  5 bats
  9 frilled lizards (Sewer)
  6 kobolds
  7 rats
133 creatures vanquished.

Vanquished Creatures (others)
  2 demonic plants (D:1)
  5 plants (D:5)
7 creatures vanquished.

Grand Total: 140 creatures vanquished

Table legend:
 A = Non-vault XP
 B = Vault XP
 C = Vault XP percentage of total XP
 D = Non-vault monster count
 E = Vault monster count
 F = Vault count percentage of total count
                 A         B        C        D         E       F
            +---------+---------+-------+---------+---------+-------
      Total |     841 |     968 |  53.5 |      76 |      56 |  42.4
            +---------+---------+-------+---------+---------+-------
        D:1 |      30 |       0 |   0.0 |      18 |       0 |   0.0
        D:2 |      58 |      37 |  38.9 |      19 |       1 |   5.0
        D:3 |     205 |       0 |   0.0 |      21 |       0 |   0.0
        D:4 |     266 |      16 |   5.7 |      11 |       8 |  42.1
        D:5 |     282 |     660 |  70.1 |       7 |       5 |  41.7
      Sewer |       0 |     255 | 100.0 |       0 |      42 | 100.0
            +---------+---------+-------+---------+---------+-------

Illustrated notes

Table legend:
 A = Kills in this place as a percentage of kills in entire the game.
 B = Kills by you in this place as a percentage of kills by you in the entire game.
 C = Kills by friends in this place as a percentage of kills by friends in the entire game.
 D = Other kills in this place as a percentage of other kills in the entire game.
 E = Experience gained in this place as a percentage of experience gained in the entire game.
 F = Experience gained in this place divided by the number of levels of this place that you have seen.
                   A       B       C       D       E      F
               +-------+-------+-------+-------+-------+----------------------
         Total | 100.0 | 100.0 |   N/A |   N/A | 100.0 | 301.5
       Dungeon |  68.2 |  68.2 |   N/A |   N/A |  85.9 | 310.8
         Sewer |  31.8 |  31.8 |   N/A |   N/A |  14.1 | 255.0
               +-------+-------+-------+-------+-------+----------------------

Table legend: (Time is in decaauts)
 A = Elapsed time spent in this place.
 B = Non-inter-level travel time spent in this place.
 C = Inter-level travel time spent in this place.
 D = Time resting spent in this place.
 E = Time spent auto-exploring this place.
 F = Levels seen in this place.
 G = Mean time per level.
                   A        B        C        D        E       F      G
               +--------+--------+--------+--------+--------+-----+--------+
         Total |   7388 |   7134 |    254 |   1847 |   4212 |   6 | 1231.3 |
       Dungeon |   6368 |   6114 |    254 |   1533 |   3788 |   5 | 1273.6 |
         Sewer |   1020 |   1020 |      0 |    314 |    424 |   1 | 1020.0 |
               +--------+--------+--------+--------+--------+-----+--------+

Top non-repeatable levels by time:
     D:2: 1597 daAuts
     D:4: 1582 daAuts
     D:1: 1459 daAuts
     D:3: 1385 daAuts
   Sewer: 1020 daAuts
     D:5: 344 daAuts
